 Dungeon Crawl Stone Soup version 0.19.1-1-g22dce08 (webtiles) character file.

47766 paradoxae the Covert (level 14, 0/100 (101) HPs)
             Began as a Vampire Enchanter on Dec 31, 2016.
             Was a High Priest of Sif Muna.
             Slain by a six-headed hydra (6 damage)
             ... on level 6 of the Lair of Beasts on Jan 1, 2017.
             The game lasted 03:23:15 (26926 turns).

paradoxae the Covert (Vampire Enchanter)           Turns: 26926, Time: 03:23:17

HP:   0/100 (101)   AC:  0    Str:  7    XL:     14   Next: 9%
MP:   22/24         EV: 29    Int: 21    God:    Sif Muna [*****.]
Gold: 1024          SH:  0    Dex: 21    Spells: 5 memorised, 10 levels left

rFire  . . .     SeeInvis +     (weapon currently unavailable)
rCold  + . .     Gourm    .     (armour currently unavailable)
rNeg   + + .     Faith    .     (shield currently unavailable)
rPois  +         Spirit   .     (helmet currently unavailable)
rElec  .         Reflect  .     (cloak currently unavailable)
rCorr  .         Harm     .     (gloves currently unavailable)
MR     +....                    (boots currently unavailable)
Stlth  +++++++...               x - amulet of magic regeneration
                                (ring currently unavailable)
                                (ring currently unavailable)

@: bat-form, flying, regenerating slowly, divine energy, very quick
A: fangs 3, see invisible, (unbreathing), evolution 1
a: End Transformation, Stop Divine Energy, Channel Magic, Forget Spell, Renounce
Religion


You were on level 6 of the Lair of Beasts.
You worshipped Sif Muna.
Sif Muna was extremely pleased with you.
You were near bloodless.
You were in vampire-bat-form.
You visited 3 branches of the dungeon, and saw 19 of its levels.

You collected 1037 gold pieces.
You spent 13 gold pieces at shops.

Inventory:

Hand Weapons
 a - the +9 rapier of Fortitude (melded) {freeze, rElec MR+}
   (You found it on level 8 of the Dungeon)

   It has been specially enchanted to freeze those struck by it, causing extra
   injury to most foes and up to half again as much damage against particularly
   susceptible opponents.
   It can also slow down cold-blooded creatures.
   It insulates you from electricity.
   It affects your resistance to hostile enchantments.
 b - a +1 dagger of draining
 k - a +3 dagger
Missiles
 m - 271 stones (quivered)
Armour
 c - a +0 pair of gloves of archery
 j - a +1 pair of gloves (melded)
 u - a +0 scale mail
 y - a +0 helmet (melded)
 C - a +0 pair of boots (melded)
 D - the +1 scale mail of Hibimax {Str+6 Dex+3}
   (You found it on level 4 of the Lair of Beasts)

   It affects your strength (+6).
   It affects your dexterity (+3).
 E - a +0 shield (melded)
 L - a +1 troll leather armour (melded)
Magical Staves
 G - an uncursed staff of fire
Jewellery
 w - a ring of magical power (melded)
 x - an amulet of magic regeneration (around neck)
 A - a cursed ring of protection from fire
 F - an uncursed amulet of guardian spirit {unknown}
 O - a ring of protection from fire (melded)
Wands
 e - a wand of acid (4/15)
 f - a wand of disintegration (19/24)
 n - a wand of slowing (36/48)
 z - a wand of digging (7/24)
 B - a wand of iceblast (7/15)
 I - a wand of flame (11/48)
 M - a wand of enslavement (9/24)
 N - a wand of teleportation (6/9)
Scrolls
 g - 15 scrolls of identify
 i - 2 scrolls of fear
 p - 5 scrolls of remove curse
 r - 8 scrolls of teleportation
 H - a scroll of amnesia
 P - a scroll of random uselessness {unknown}
Potions
 d - a potion of cancellation
 l - 6 potions of curing
 o - a potion of heal wounds {unknown}
 q - 27 potions of blood
 t - a potion of magic
 v - a potion of beneficial mutation {unknown}
 J - 2 potions of haste {unknown}
 K - a potion of resistance
Books
 h - a book of the Tempests

   Spells                             Type                      Level
   a - Static Discharge               Conjuration/Air              3
   b - Lightning Bolt                 Conjuration/Air              5
   c - Fireball                       Conjuration/Fire             5
   d - Tornado                        Air                          9
   e - Shatter                        Earth                        9
 s - a book of Necromancy

   Spells                             Type                      Level
   a - Pain                           Necromancy                   1
   b - Animate Skeleton               Necromancy                   1
   c - Vampiric Draining              Necromancy                   3
   d - Regeneration                   Charms/Necromancy            3
   e - Animate Dead                   Necromancy                   4
   f - Control Undead                 Necromancy                   4
 Q - Sif Muna's Primer on Spellweaving
   (Sif Muna gifted it to you on level 6 of the Lair of Beasts)

   Spells                             Type                      Level
   a - Shroud of Golubria             Charms/Translocation         2
   b - Throw Frost                    Conjuration/Ice              2
   c - Searing Ray                    Conjuration                  2
   d - Slow                           Hexes                        2
   e - Call Imp                       Summoning                    2


   Skills:
 + Level 6.9 Fighting
 + Level 8.2 Short Blades
 + Level 6.5 Armour
 + Level 8.2 Dodging
 + Level 11.6 Stealth
 + Level 5.8 Shields
 + Level 6.8 Spellcasting
 * Level 4.7 Conjurations
 + Level 11.5 Hexes
 + Level 2.6 Fire Magic
 + Level 7.4 Ice Magic
 + Level 2.7 Air Magic
 + Level 5.5 Invocations
 + Level 6.3 Evocations


You had 10 spell levels left.
You knew the following spells:

 Your Spells              Type           Power        Failure   Level  Hunger
a - Fireball              Conj/Fire      ###.......   67%         5    #####..
c - Confuse               Hex            ######..     1%          3    #......
d - Dazzling Spray        Conj/Hex       #####.       1%          3    #......
s - Static Discharge      Conj/Air       ###.....     10%         3    #......
z - Ensorcelled Hibernat  Hex/Ice        #####.       1%          2    None


Dungeon Overview and Level Annotations

Branches:
Dungeon (12/15)            Temple (1/1) D:7            Lair (6/6) D:10
  Swamp (0/4) Lair:4       Spider (0/4) Lair:4        Slime (0/5) Lair:5
    Orc (0/2) D:12

Altars:
Ashenzari
Cheibriados
Dithmenos
Elyvilon
Fedhas
Gozag
Hepliaklqana
Kikubaaqudgha
Makhleb
Nemelex Xobeh
Okawaru
Qazlal
Ru
Sif Muna
Trog
Uskayaw
Vehumet
Xom
Yredelemnul
Zin
The Shining One

Shops:
D:5 !   D:6 ?


Innate Abilities, Weirdness & Mutations

You heal slowly.
You have razor-sharp teeth.
You have supernaturally acute eyesight. (SInv)
((You can survive without breathing.))
You evolve.


Message History

You block the six-headed hydra's attack.
You turn into a vampire bat.
The +9 rapier of Fortitude {freeze, rElec MR+} melds into your body.
Your +0 helmet melds into your body.
Your +1 pair of gloves melds into your body.
Your +0 pair of boots melds into your body.
Your +0 shield melds into your body.
Your +1 troll leather armour melds into your body.
Your ring of magical power melds into your body.
Your ring of protection from fire melds into your body.
The +9 rapier of Fortitude {freeze, rElec MR+} stops glowing.
You feel your magic capacity decrease. The black mamba bites you!!
* * * LOW HITPOINT WARNING * * *
The crocodile completely misses you. The black mamba misses you.
The six-headed hydra completely misses you.
The six-headed hydra misses you.
The six-headed hydra completely misses you.
The six-headed hydra closely misses you.
The six-headed hydra bites you.
You die...

#..........###.........P#...
#..........# #.#.#..P.......
#..........#########.....#..
##...%.......##..#.#.....##PP
#...[...................#.PP.
#............................
#............................
##............................
#...........Sb................
##...........DPt.#.#..###...###
#..............#.#.#.###...####
........................#......#.
...................<....##....##.
..........$......#......#....P #.
.................#..#...... ##.
......#+#.......#........... #P.
.....# .......##...## #.#P.. #..


You could see a six-headed hydra, a black mamba and a crocodile.

Vanquished Creatures
  The ghost of w00t the Protected, a journeyman GrFi of Okawaru (D:12)
  Harold (D:11)
  2 hydras
  A centaur warrior (D:12)
  10 death yaks
  3 hill giants
  A necromancer (D:11)
  A manticore (D:12)
  A shining eye (Lair:5)
  An ugly thing (D:12)
  A cyclops (D:11)
  3 elephants (Lair:6)
  2 black mambas
  12 spiny frogs
  A gargoyle (D:12)
  A rime drake (Lair:4)
  4 kobold demonologists (D:12)
  8 komodo dragons
  2 polar bears
  4 jumping spiders (Lair:4)
  3 trolls
  2 hornets
  2 two-headed ogres
  Prince Ribbit (D:8)
  13 blink frogs
  4 slime creatures (D:12)
  9 hippogriffs
  3 redbacks (Lair:4)
  2 wyverns
  34 yaks
  Sigmund (D:5)
  4 hogs (D:8)
  A basilisk (Lair:1)
  Grum (D:8)
  Menkaure (D:7)
  A human (D:8)
  3 hungry ghosts
  6 swamp worms (Lair:4)
  9 water moccasins
  5 porcupines
  5 ice beasts
  2 orc warriors
  3 black bears
  5 sky beasts
  3 phantoms
  16 centaurs
  6 ogres
  2 necrophages
  2 wolves (D:8)
  5 crocodiles
  4 big kobolds
  3 wyvern zombies
  10 bullfrogs
  A gnoll sergeant (D:6)
  2 wyvern skeletons (D:11)
  A scorpion (D:5)
  14 killer bees
  13 wights
  An electric eel (Lair:4)
  4 howler monkeys
  3 crimson imps
  4 jellies
  4 centaur zombies
  A quasit (D:8)
  A bullfrog zombie (D:5)
  4 orc priests
  3 hounds
  3 centaur skeletons
  2 bullfrog skeletons
  Terence (D:3)
  10 worker ants
  An iguana (D:5)
  10 orc wizards
  3 polar bear simulacra (D:11)
  2 yak simulacra (D:11)
  5 wolf simulacra (D:11)
  A centaur simulacrum (D:8)
  2 hound skeletons
  A worker ant zombie (D:9)
  3 gnolls (D:6)
  13 adders
  2 shadow imps
  2 white imps (D:8)
  An ufetubus (D:8)
  An ooze (D:5)
  An adder zombie (D:6)
  2 worms (D:4)
  4 leopard geckos
  44 orcs
  7 giant cockroaches
  3 goblins
  8 hobgoblins
  8 jackals (D:1)
  2 quokkas
  A ball python (D:5)
  2 bats
  5 frilled lizards
  A jackal skeleton (D:4)
  A jackal zombie (D:5)
  23 kobolds
  A leopard gecko simulacrum (D:8)
  2 leopard gecko skeletons
  A leopard gecko zombie (D:5)
  7 rats
  A river rat simulacrum (D:11)
  A fungus (Lair:5)
475 creatures vanquished.

Vanquished Creatures (others)
  An adder (D:5)
  2 fungi
  2 plants (Lair:5)
5 creatures vanquished.

Grand Total: 480 creatures vanquished

Notes
Turn   | Place    | Note
-------+----------+-------------------------------------------
     0 | D:1      | paradoxae the Vampire Enchanter began the quest for the Orb.
     0 | D:1      | Reached XP level 1. HP: 13/13 MP: 3/3
   149 | D:1      | Reached XP level 2. HP: 9/20 MP: 3/5
   430 | D:1      | Learned a level 2 spell: Ensorcelled Hibernation
  1153 | D:1      | You fall through a shaft!
  1546 | D:1      | Reached XP level 3. HP: 25/25 MP: 6/6
  1551 | D:1      | Learned a level 3 spell: Confuse
  2245 | D:3      | Reached skill level 5 in Hexes
  2453 | D:3      | HP: 1/25 [orc wizard/puff of flame (9)]
  3050 | D:2      | Reached skill level 1 in Fighting
  3050 | D:2      | Reached XP level 4. HP: 26/32 MP: 4/7
  3432 | D:3      | Reached skill level 1 in Ice Magic
  3661 | D:3      | Reached skill level 5 in Stealth
  3771 | D:3      | Reached XP level 5. HP: 9/37 MP: 1/8
  4129 | D:3      | Noticed Terence
  4149 | D:3      | Killed Terence
  4149 | D:3      | Reached skill level 1 in Armour
  5053 | D:4      | Reached XP level 6. HP: 39/44 MP: 2/10
  5532 | D:5      | Entered Level 5 of the Dungeon
  5782 | D:5      | Noticed Sigmund
  6693 | D:5      | Reached XP level 7. HP: 45/49 MP: 5/11
  7333 | D:5      | Reached skill level 1 in Evocations
  7670 | D:5      | Found Miuprez's Distillery.
  7673 | D:5      | Bought a potion of degeneration for 13 gold pieces
  8451 | D:5      | Killed Sigmund
  9063 | D:6      | Reached XP level 8. HP: 56/56 MP: 13/13
 10877 | D:6      | Found Goacvoar's Magic Scroll Shop.
 11423 | D:7      | Noticed Menkaure
 11449 | D:7      | Killed Menkaure
 11449 | D:7      | Reached XP level 9. HP: 63/63 MP: 12/14
 11559 | D:7      | Found a staircase to the Ecumenical Temple.
 11570 | Temple   | Entered the Ecumenical Temple
 11606 | Temple   | Became a worshipper of Sif Muna the Loreminder
 12071 | D:8      | Noticed Grum
 12074 | D:8      | Killed Grum
 12078 | D:8      | Reached skill level 5 in Dodging
 12170 | D:8      | Reached skill level 1 in Invocations
 12384 | D:8      | Reached skill level 5 in Short Blades
 12578 | D:8      | Noticed Prince Ribbit
 12639 | D:8      | Killed Prince Ribbit
 12680 | D:8      | Learned a level 3 spell: Dazzling Spray
 12735 | D:8      | Got a translucent rapier
 12739 | D:8      | Identified the +9 rapier of Fortitude {freeze, rElec MR+} (You found it on level 8 of the Dungeon)
 12757 | D:8      | Reached * piety under Sif Muna
 12829 | D:8      | Reached XP level 10. HP: 70/70 MP: 13/16
 13818 | D:9      | Reached skill level 1 in Shields
 13893 | D:9      | Reached skill level 1 in Conjurations
 14135 | D:9      | Reached ** piety under Sif Muna
 14135 | D:9      | Reached skill level 5 in Spellcasting
 14315 | D:10     | Entered Level 10 of the Dungeon
 14339 | D:10     | Reached skill level 5 in Ice Magic
 14792 | D:10     | Reached XP level 11. HP: 75/77 MP: 14/18
 14845 | D:10     | Found a staircase to the Lair.
 15467 | D:10     | Reached skill level 5 in Fighting
 15561 | D:10     | Identified a scroll of acquirement
 15689 | D:11     | Noticed a hill giant
 15701 | D:11     | Killed a hill giant
 15772 | D:11     | Reached skill level 5 in Armour
 15909 | D:11     | Noticed a hill giant
 15915 | D:11     | Killed a hill giant
 16357 | D:11     | Noticed a necromancer
 16361 | D:11     | Killed a necromancer
 16361 | D:11     | Reached skill level 10 in Stealth
 16868 | D:12     | Noticed Harold
 17425 | D:11     | Killed Harold
 17425 | D:11     | Reached skill level 10 in Hexes
 17504 | D:12     | Noticed a cyan ugly thing
 17513 | D:12     | Killed a cyan ugly thing
 17552 | D:12     | Noticed a hill giant
 17560 | D:12     | Killed a hill giant
 17560 | D:12     | Reached *** piety under Sif Muna
 17577 | D:12     | Reached XP level 12. HP: 78/85 MP: 9/20
 17916 | D:12     | Found a stormy altar of Qazlal.
 17962 | D:12     | Found a staircase to the Orcish Mines.
 18042 | D:12     | Noticed w00t's ghost (journeyman GrFi)
 18051 | D:12     | Noticed a centaur warrior
 18400 | D:12     | Killed w00t's ghost
 18598 | D:12     | Killed a centaur warrior
 18598 | D:12     | Reached skill level 5 in Evocations
 19400 | Lair:1   | Entered Level 1 of the Lair of Beasts
 19512 | Lair:1   | Found a basalt altar of Yredelemnul.
 20202 | Lair:2   | Learned a level 5 spell: Fireball
 20206 | Lair:2   | Learned a level 3 spell: Static Discharge
 20431 | Lair:2   | Reached **** piety under Sif Muna
 20938 | Lair:3   | Noticed a seven-headed hydra
 20944 | Lair:3   | Killed a seven-headed hydra
 21066 | Lair:3   | Reached skill level 1 in Fire Magic
 21220 | Lair:3   | Reached XP level 13. HP: 92/92 MP: 22/22
 21338 | Lair:3   | Reached skill level 5 in Invocations
 21388 | Lair:3   | Reached skill level 5 in Shields
 21916 | Lair:4   | Found a hole to the Spider Nest.
 21986 | Lair:4   | Got a jewelled scale mail
 22002 | Lair:4   | Identified the cursed +1 scale mail of Hibimax {Str+6 Dex+3} (You found it on level 4 of the Lair of Beasts)
 22318 | Lair:4   | Found a staircase to the Swamp.
 23285 | Lair:4   | Reached skill level 1 in Air Magic
 23787 | Lair:5   | HP: 4/93 [death yak (7)]
 24483 | Lair:5   | Gained mutation: Your spells are a little easier to cast, but a little less powerful. [a shining eye]
 24486 | Lair:5   | Gained mutation: You evolve. [a shining eye]
 24948 | Lair:5   | Lost mutation: Your spells are a little easier to cast, but a little less powerful. [evolution]
 25370 | Lair:5   | Reached ***** piety under Sif Muna
 25755 | Lair:5   | Found a staircase to the Slime Pits.
 26492 | Lair:6   | Entered Level 6 of the Lair of Beasts
 26590 | Lair:6   | Identified Sif Muna's Primer on Spellweaving (Sif Muna gifted it to you on level 6 of the Lair of Beasts)
 26590 | Lair:6   | Received a gift from Sif Muna
 26671 | Lair:6   | Reached XP level 14. HP: 100/100 MP: 24/24
 26926 | Lair:6   | Slain by a six-headed hydra

Skill      XL: |  1  2  3  4  5  6  7  8  9 10 11 12 13 |
---------------+----------------------------------------+-----
Hexes          | 5 6 7 8 9 10 11 | 11.5
Fighting       | 1 2 3 4 5 6 |  6.9
Short Blades   | 2 3 4 5 6 7 8 |  8.2
Ice Magic      | 1 2 3 4 5 6 7 |  7.4
Stealth        | 5 6 7 9 10 11 | 11.6
Armour         | 1 2 3 4 5 6 |  6.5
Dodging        | 3 4 5 6 7 8 |  8.2
Spellcasting   | 3 4 5 6 |  6.8
Evocations     | 1 2 3 4 5 6 |  6.3
Invocations    | 1 3 4 5 |  5.5
Shields        | 2 3 4 5 |  5.8
Conjurations   | 1 2 3 4 |  4.7
Fire Magic     | 1 2 |  2.6
Air Magic      | 2 |  2.7

Action                   |  1- 3 |  4- 6 |  7- 9 | 10-12 | 13-15 || total
-------------------------+-------+-------+-------+-------+-------++-------
Melee: Dagger            |   119 |   162 |   235 |     1 |       ||   517
       Bite              |     4 |    13 |    15 |    30 |    12 ||    74
       Rapier            |       |       |     4 |   356 |   175 ||   535
Throw: Stone             |       |       |       |     5 |     6 ||    11
 Cast: Corona            |     4 |     3 |     1 |       |       ||     8
       Ensorcelled Hiber |    22 |    46 |   134 |   187 |   113 ||   502
       Confuse           |     1 |     9 |    36 |   111 |    15 ||   172
       Dazzling Spray    |       |       |       |       |    74 ||    74
Invok: Divine Energy     |       |       |     1 |       |       ||     1
 Abil: Bat Form          |     2 |     3 |     2 |     5 |     2 ||    14
       End Transformatio |     2 |     3 |     2 |     5 |     1 ||    13
  Use: Potion            |     5 |     8 |    11 |    18 |     7 ||    49
       Scroll            |       |       |     2 |    16 |     2 ||    20
 Stab: Sleeping          |    23 |    31 |    74 |   133 |    73 ||   334
       Confused          |       |     4 |    18 |    34 |     8 ||    64
       Distracted        |       |       |       |     1 |       ||     1
       Invisible         |       |       |       |       |    13 ||    13
  Eat: Corpse            |       |     1 |       |       |       ||     1
Armor: Robe              |     6 |       |       |       |       ||     6
       Leather armour    |    15 |     8 |       |       |       ||    23
       Ring mail         |       |     8 |    54 |    24 |       ||    86
       Troll leather arm |       |       |       |    24 |    32 ||    56
       Scale mail        |       |       |       |     6 |     9 ||    15
Dodge: Dodged            |    77 |    87 |   144 |   201 |    97 ||   606
Block: Shield            |       |       |       |       |    68 ||    68
